AoeStats
← old f1sh

Black Forest

510347858Analyzed
4v4 RM · 12h ago on Sep 30, 2026· 34m 59s· 8 players
Game mode
Random Map
Map size
Large (8 player)
Population
200
Speed
Normal
Resources
Standard
Victory
Conquest
Starting age
Dark Age
Ending age
Imperial Age
RankedLock teamsTeams togetherTeam positionsShared explorationLock speedFull tech treeHidden civsTurbo modeCheats
Victory
Defeat
🇨🇳 Burgundians · China
1408
+15
🇺🇸 Japanese · United States
1394
+15
🇨🇳 Varangians · China
1376
+16
🇨🇳 Turks · China
1347
+17
🇫🇮 Vietnamese · Finland
1415
-18
🇫🇮 Armenians · Finland
1402
-17
🇮🇳 Celts · India
1342
-14
🇩🇪 Danes · Germany
1340
-14
Szorinx
11:24 Feudal Age
12:39 Feudal Age
15:14 Loom
18:20 Castle Age
16:53 Horse Collar
17:00 Double-Bit Axe
21:19 Forging
21:09 Scale Mail Armor
23:38 Squires
24:02 Chain Mail Armor
29:59 Iron Casting
30:52 Wheelbarrow
Yasuo, the Unforgiven
0:28 Loom
11:32 Feudal Age
11:58 Double-Bit Axe
16:49 Castle Age
14:42 Horse Collar
15:15 Gold Mining
17:45 Bow Saw
26:58 Wheelbarrow
25:51 Crossbowman
27:06 Heavy Plow
27:29 Fletching
32:25 Imperial Age
31:15 Bodkin Arrow
31:21 Padded Archer Armor
cro55b0w
10:46 Feudal Age
13:16 Loom
13:35 Double-Bit Axe
13:42 Gold Mining
16:02 Castle Age
15:39 Loom
15:40 Horse Collar
16:05 Man-at-Arms
17:31 Bow Saw
16:58 Long Swordsman
21:09 Squires
21:10 Gambesons
23:06 Two-Handed Swordsman
24:45 Gold Shaft Mining
26:50 Wheelbarrow
31:25 Imperial Age
28:18 Crossbowman
28:19 Elite Skirmisher
29:49 Fletching
30:28 Bodkin Arrow
30:57 Padded Archer Armor
31:46 Arbalester
33:17 Imperial Skirmisher
snek_fan
0:29 Loom
12:19 Feudal Age
19:18 Castle Age
17:16 Double-Bit Axe
20:31 Horse Collar
30:28 Wheelbarrow
31:13 Fletching
33:21 Wheelbarrow
33:51 Wheelbarrow
35:49 Wheelbarrow
Non faux pa
0:51 Loom
12:47 Feudal Age
16:21 Castle Age
14:19 Double-Bit Axe
14:29 Stone Mining
14:48 Horse Collar
16:07 Gold Mining
18:06 Bow Saw
28:01 Fletching
28:12 Treadmill Crane
28:53 Ballistics
29:46 Guard Tower
30:46 Bodkin Arrow
30:54 Yasama
old f1sh
3:23 Loom
3:40 Double-Bit Axe
11:25 Feudal Age
12:51 Bow Saw
15:22 Castle Age
13:26 Horse Collar
16:14 Wheelbarrow
16:44 Heavy Plow
20:58 Hand Cart
25:51 Imperial Age
23:41 Gold Mining
26:14 Gold Shaft Mining
25:52 Guilds
26:45 Town Watch
28:02 Chemistry
29:59 Padded Archer Armor
31:29 Leather Archer Armor
V我50%匡扶汉室
6:13 Loom
12:28 Feudal Age
13:19 Double-Bit Axe
13:16 Horse Collar
16:29 Castle Age
15:39 Gold Mining
23:32 Bow Saw
23:25 Heavy Plow
24:31 Gold Shaft Mining
23:46 Stone Mining
28:39 Imperial Age
29:04 Wheelbarrow
32:27 Padded Archer Armor
33:37 Leather Archer Armor
涅槃重生
0:28 Loom
10:47 Feudal Age
10:58 Man-at-Arms
12:24 Arson
21:14 Castle Age
19:44 Scale Barding Armor
19:55 Double-Bit Axe
19:53 Horse Collar
23:12 Bow Saw
23:15 Heavy Plow
24:22 Wheelbarrow
34:51 Imperial Age
32:40 Forging
32:54 Scale Mail Armor
32:47 Town Watch
33:42 Hand Cart
35:16 Chain Mail Armor
35:37 Iron Casting
34:50 Gambesons
35:06 Squires
Connection lost

Rejoining the realm…

Still unreachable

The connection could not be restored.

Session expired

The server has moved on; the page needs a fresh start.